 Dungeon Crawl Stone Soup version 0.30-a0-23-ge60ba3568b (webtiles) character file.

Game seed: 1725182381211235719

78 Setbun the Cudgeller (level 4, -2/39 HPs)
             Began as a Minotaur Fighter on Aug 25, 2022.
             Slain by Sigmund
             ... wielding a +5 scythe of distortion
              (14 damage)
             ... on level 2 of the Dungeon.
             The game lasted 00:01:05 (1846 turns).

Setbun the Cudgeller (Minotaur Fighter)             Turns: 1846, Time: 00:01:05

Health: -2/39      AC: 10    Str: 22    XL:     4   Next: 15%
Magic:  3/3        EV:  9    Int:  5    God:
Gold:   106        SH:  4    Dex: 10    Spells: 3/3 levels left

rFire   . . .      SeeInvis .    a - +0 flail
rCold   . . .      Faith    .    c - +0 buckler
rNeg    + . .      Spirit   .    b - +0 scale mail
rPois   .          Reflect  .    (helmet restricted)
rElec   .          Harm     .    (no cloak)
rCorr   .          Rampage  .    (no gloves)
Will    .....                    (no boots)
Stlth   ..........               (no amulet)
HPRegen 0.13/turn                e - +4 ring of protection
MPRegen 0.08/turn                j - ring of positive energy

@: no status effects
A: horns 2, retaliatory headbutt
a: no special abilities


You were on level 2 of the Dungeon.
You visited 1 branch of the dungeon, and saw 2 of its levels.

You collected 106 gold pieces.

Inventory:

Hand Weapons
 a - a +0 flail (weapon)
Armour
 b - a +0 scale mail (worn)
 c - a +0 buckler (worn)
Jewellery
 e - a +4 ring of protection (left hand)
 j - a ring of positive energy (right hand)
Scrolls
 h - a scroll of fear {unknown}
 k - 2 scrolls of silence {unknown}
 m - a scroll of blinking {unknown}
 o - 2 scrolls of teleportation {unknown}
Potions
 d - a potion of might
 f - a potion of flight {unknown}
 g - a potion of degeneration {unknown}
 i - 3 potions of heal wounds {unknown}
 l - a potion of lignification {unknown}
 n - a potion of haste {unknown}
 p - a potion of attraction {unknown}


   Skills:
 - Level 3.6 Fighting
 * Level 5.4 Maces & Flails
 - Level 3.6 Armour
 - Level 3.6 Shields


You had 3 spell levels left.
You didn't know any spells.
Your spell library was empty.

Dungeon Overview and Level Annotations

Branches:
Dungeon (2/15)

Altars:

Annotations:
D:2 Sigmund


Innate Abilities, Weirdness & Mutations

You have a pair of horns on your head.
You reflexively headbutt those who attack you in melee.


Message History

You hit the endoplasm.
You kill the endoplasm!
No target in view!
No target in view!
No target in view!
No target in view!
No target in view!
No target in view!
You now have 106 gold pieces (gained 17).
Sigmund the Dreaded comes into view.
He is wielding a +5 scythe of distortion.
Sigmund shouts!
Sigmund hits you with a +5 scythe of distortion.
Space warps around you.
You hit Sigmund.
Sigmund is lightly wounded.
You closely miss Sigmund. Your headbutt misses Sigmund.
Sigmund is lightly wounded.
Sigmund hits you with a +5 scythe of distortion.
Space warps horribly around you!
You are too injured to fight recklessly!
You are too injured to fight recklessly!
You are too injured to fight recklessly!
You are too injured to fight recklessly!
You are too injured to fight recklessly!
You are too injured to fight recklessly!
You are too injured to fight recklessly!
You are too injured to fight recklessly!
You are too injured to fight recklessly!
You are too injured to fight recklessly!
You are too injured to fight recklessly!
You are too injured to fight recklessly!
You are too injured to fight recklessly!
You hit Sigmund but do no damage. Your headbutt misses Sigmund.
Sigmund is lightly wounded.
Sigmund gestures at you while chanting.
The magic dart hits you but does no damage.
You hit Sigmund. Your headbutt misses Sigmund.
Sigmund is moderately wounded.
Sigmund hits you but does no damage. Space warps horribly around you!
You die...

###.###.#.##)#
#.....#......#
#.....###.####
#.....# #.#
#.....###.####
#............#
######.##.##.###
#.##.##...#
#.##.@@...#
#.#####...# #.#
.## ... # ...


You could see Sigmund.

Vanquished Creatures
  5 adders (D:2)
  A worm (D:2)
  A dart slug (D:1)
  4 endoplasms
  A giant cockroach (D:2)
  2 goblins
  3 hobgoblins
  2 jackals (D:1)
  A quokka (D:1)
  2 ball pythons
  2 frilled lizards
  4 kobolds
  2 rats (D:1)
30 creatures vanquished.

Notes
Turn   | Place    | Note
-------+----------+-------------------------------------------
     0 | D:1      | Setbun the Minotaur Fighter began the quest for the Orb.
     0 | D:1      | Reached XP level 1. HP: 19/19 MP: 0/0
   397 | D:1      | Reached skill level 3 in Maces & Flails
   474 | D:1      | Reached XP level 2. HP: 26/26 MP: 1/1
  1149 | D:2      | Reached skill level 4 in Maces & Flails
  1151 | D:2      | Reached XP level 3. HP: 22/31 MP: 2/2
  1335 | D:2      | Reached skill level 5 in Maces & Flails
  1513 | D:2      | Reached XP level 4. HP: 39/39 MP: 3/3
  1841 | D:2      | Noticed Sigmund
  1846 | D:2      | Slain by Sigmund

Illustrated notes

Levels and vault maps discovered:
D:1:      saegor_arrival_simple_d, layout_basic, serial_forest,
          infiniplex_forest_end_3, infiniplex_forest_lined_2,
          infiniplex_forest_lined_2, infiniplex_forest_end_1,
          infiniplex_forest_straight_3
D:2:      layout_loops_cross, uniq_sigmund

Skill      XL: |  1  2  3 |
---------------+----------+-----
Maces & Flails | 3 4 5 |  5.4
Fighting       | |  3.6
Armour         | |  3.6
Shields        | |  3.6

Action                   |  1- 3 |  4- 6 || total
-------------------------+-------+-------++-------
Melee: Flail             |    58 |    14 ||    72
       Headbutt          |     8 |     1 ||     9
Armor: Scale mail        |    21 |     6 ||    27
Dodge: Dodged            |    21 |     2 ||    23
Block: Buckler           |    11 |     4 ||    15

Table legend: (Time is in decaauts)
 A = Elapsed time spent in this place.
 B = Non-inter-level travel time spent in this place.
 C = Inter-level travel time spent in this place.
 D = Time resting spent in this place.
 E = Time spent auto-exploring this place.
 F = Levels seen in this place.
 G = Mean time per level.
                   A        B        C        D        E       F      G
               +--------+--------+--------+--------+--------+-----+--------+
         Total |   1861 |   1821 |     40 |      0 |   1620 |   2 |  930.5 |
       Dungeon |   1861 |   1821 |     40 |      0 |   1620 |   2 |  930.5 |
               +--------+--------+--------+--------+--------+-----+--------+

Top non-repeatable levels by time:
     D:1: 1113 daAuts
     D:2: 748 daAuts
